 Dungeon Crawl Stone Soup version 0.32-a0-931-g5a2cda0630 (webtiles) character file.

Game seed: 7944082078958610543

572 porpoise the Poker (level 7, 0/55 HPs)
             Began as a Demonspawn Gladiator on Apr 14, 2024.
             Was a Believer of Uskayaw.
             Slain by an acid dragon (4 damage)
             ... on level 5 of the Dungeon.
             The game lasted 00:08:01 (3687 turns).

porpoise the Poker (Demonspawn Gladiator)           Turns: 3687, Time: 00:08:03

Health: 0/55       AC:  2    Str: 17    XL:     7   Next: 12%
Magic:  7/7        EV: 15    Int:  8    God:    Uskayaw [**....]
Gold:   140        SH:  4    Dex: 14    Spells: 6/6 levels left

rFire   . . .        a - +0 trident
rCold   . . .        s - +0 buckler
rNeg    . . .        l - +0 ring mail
rPois   +            c - +0 helmet
rElec   .            (no cloak)
rCorr   .            (no gloves)
SInv    .            (no boots)
Will    .....        (no amulet)
Stlth   +            w - ring of poison resistance
HPRegen 0.29/turn    r - +5 ring of evasion
MPRegen 0.20/turn

%: no passive effects
@: corroded
A: spiny 1, magic regeneration, sturdy frame 1
a: Renounce Religion, Stomp, Line Pass


You were on level 5 of the Dungeon.
You worshipped Uskayaw.
Uskayaw was noncommittal.
You visited 1 branch of the dungeon, and saw 5 of its levels.

You collected 140 gold pieces.

Inventory:

Hand Weapons
 a - a +0 trident (weapon)
Missiles
 b - 15 poisoned darts
 d - 3 throwing nets (quivered)
 e - 5 javelins
 f - 3 boomerangs
 t - 3 curare-tipped darts
Armour
 c - a +0 helmet (worn)
 l - a +0 ring mail (worn)
 s - a +0 buckler (worn)
Jewellery
 i - a ring of ice
 n - a ring of ice
 r - a +5 ring of evasion (right hand)
 w - a ring of poison resistance (left hand)
 x - an amulet of guardian spirit
 C - a ring of see invisible
Wands
 p - a wand of flame (7)
 u - a wand of warping (10)
 J - a wand of polymorph (12)
Scrolls
 h - 2 scrolls of noise
 q - a scroll of fear {unknown}
 v - a scroll of revelation
 y - a scroll of enchant armour {unknown}
 A - a scroll of amnesia {unknown}
 B - a scroll of immolation
 E - a scroll of poison {unknown}
 F - 2 scrolls of vulnerability
 G - a scroll of fog {unknown}
 H - a scroll of blinking {unknown}
 I - a scroll of silence {unknown}
Potions
 g - 2 potions of haste
 j - 2 potions of curing
 k - 2 potions of ambrosia
 m - a potion of mutation
 o - a potion of heal wounds
 D - a potion of attraction {unknown}
 K - 2 potions of enlightenment


   Skills:
 + Level 4.5 Fighting
 * Level 6.0 Polearms
 - Level 1.7 Throwing
 - Level 2.6 Dodging
 + Level 2.1 Shields


You had 6 spell levels left.
You didn't know any spells.
Your spell library contained the following spells:

 Spells                   Type           Power      Damage    Failure   Level
 Blink                    Tloc           0%         N/A       75%         2
 Lesser Beckoning         Tloc           0%         N/A       75%         2
 Momentum Strike          Conj/Tloc      0%         3d8       75%         2


Dungeon Overview and Level Annotations

Branches:
Dungeon (5/15)
 Temple: D:4-7

Altars:
Sif Muna
Uskayaw


Innate Abilities, Weirdness & Mutations

You are partially covered in sharp spines.
You regenerate magic rapidly.
Your movements are slightly less encumbered by armour. (ER -2)


Message History

The sleepcap is struck by your spines.
You destroy the sleepcap!
Your Polearms skill increases to level 6!
No target in view!
i - a ring of ice An acid dragon comes into view.
Found a scale mail.
The acid dragon roars!
The acid dragon spits acid at you. The splash of acid hits you!!
The acid corrodes you!
You hit the acid dragon but do no damage.
The acid dragon is struck by your spines.
The acid dragon bites you!
The acid dragon claws you but does no damage.
You are too injured to fight recklessly!
You are too injured to fight recklessly!
You are too injured to fight recklessly!
You hit the acid dragon but do no damage.
The acid dragon is lightly wounded.
The acid dragon is struck by your spines.
The acid dragon bites you but does no damage.
You block the acid dragon's attack.
You puncture the acid dragon!
The acid dragon is heavily wounded.
The acid dragon is struck by your spines.
The acid dragon closely misses you. The acid dragon barely misses you.
You can now pass through a line of other dancers.
You barely miss the acid dragon.
The acid dragon is heavily wounded.
The acid dragon bites you!
* * * LOW HITPOINT WARNING * * *
The acid dragon claws you.
* * * LOW HITPOINT WARNING * * *
You puncture the acid dragon!
The acid dragon is almost dead.
The acid dragon spits acid at you. The splash of acid misses you.
The acid dragon closely misses you. The acid dragon claws you.
You die...
Your body falls in perfect tune with the rhythm.

**,************ *,*
****,** #.......# *,*
*,,,,,* #.......# *,*
*,**,,* #.......# *,*
*,**,,* #.......# *,*
*,*,,,* #.......# *,*
*,*,#,* #.......# *,*
#[#.#.###.......# *,*
#.....D@.....#######*,*
###.##.#####........,,*
*,*#.###......####***
*..........##.#
*###.##....##.# ****
******* #.......##.#
*>,, ,,,,,,*
#####.#.##.# ***,,,
*****,* #####***
#......# *,,,,,
*****,*##....,,*
##...### *,*,,,


You could see an acid dragon.

Vanquished Creatures
  An ogre (D:4)
  A kobold brigand (D:3)
  2 scorpions (D:4)
  Natasha (thrice) (D:2)
  Terence (D:2)
  A sleepcap (D:5)
  9 adders
  2 adder zombies (D:2)
  An adder skeleton (D:2)
  A dart slug (D:1)
  A ribbon worm (D:2)
  An orc (D:4)
  4 bats
  A bat skeleton (D:2)
  2 bat zombies (D:2)
  4 endoplasms
  2 giant cockroaches
  A goblin (D:1)
  4 hobgoblins
  15 jackals
  2 quokkas (D:1)
  8 ball pythons
  A ball python zombie (D:2)
  4 frilled lizards
  A jackal zombie (D:2)
  14 kobolds
  2 quokka zombies (D:2)
  3 rats (D:1)
92 creatures vanquished.

Notes
Turn   | Place    | Note
-------+----------+-------------------------------------------
     0 | D:1      | porpoise the Demonspawn Gladiator began the quest for the
                  | Orb.
     0 | D:1      | Reached XP level 1. HP: 16/16 MP: 1/1
    99 | D:1      | Reached skill level 3 in Polearms
   145 | D:1      | Gained mutation: You are partially covered in sharp spines.
                  | [demonic ancestry]
   145 | D:1      | Reached XP level 2. HP: 22/22 MP: 2/2
   364 | D:1      | Reached XP level 3. HP: 28/28 MP: 3/3
   699 | D:2      | Noticed Natasha
   706 | D:2      | Killed Natasha
   707 | D:2      | Reached skill level 4 in Polearms
   707 | D:2      | Gained mutation: You regenerate magic rapidly. [demonic
                  | ancestry]
   707 | D:2      | Reached XP level 4. HP: 35/35 MP: 4/4
   718 | D:2      | Noticed Natasha
   726 | D:2      | Killed Natasha
  1066 | D:2      | Noticed Natasha
  1075 | D:2      | Killed Natasha
  1076 | D:2      | Gained mutation: Your movements are slightly less
                  | encumbered by armour. (ER -2) [demonic ancestry]
  1076 | D:2      | Reached XP level 5. HP: 10/41 MP: 5/5
  1315 | D:2      | Noticed Terence
  1327 | D:2      | Killed Terence
  1349 | D:2      | You fall into a shaft and drop 1 floor!
  1690 | D:3      | Reached skill level 5 in Polearms
  1690 | D:3      | Reached XP level 6. HP: 34/48 MP: 6/6
  2491 | D:4      | Reached skill level 1 in Shields
  2648 | D:4      | Noticed a +0 spear
  2654 | D:4      | Found a hide-covered altar of Uskayaw.
  2654 | D:4      | Noticed a +0 short sword
  2654 | D:4      | Noticed a +0 dagger
  2654 | D:4      | Noticed a +0 spear
  2656 | D:4      | Noticed a +0 falchion
  2657 | D:4      | Noticed a +0 short sword
  2658 | D:4      | Noticed a +0 falchion
  2663 | D:4      | Noticed a +0 dagger
  2665 | D:4      | Became a worshipper of Uskayaw the Reveller
  2711 | D:4      | Found a shimmering blue altar of Sif Muna.
  2817 | D:4      | Reached * piety under Uskayaw
  2994 | D:4      | Reached ** piety under Uskayaw
  3079 | D:4      | Reached XP level 7. HP: 55/55 MP: 7/7
  3187 | D:5      | Entered Level 5 of the Dungeon
  3673 | D:5      | Reached skill level 6 in Polearms
  3687 | D:5      | Slain by an acid dragon

Illustrated notes

Levels and vault maps discovered:
D:1:      psy_arrival_terrarium, layout_rooms
D:2:      layout_rooms, serial_undead, serial_undead_f, serial_undead_e,
          serial_undead_e, serial_undead_e, serial_undead_e, serial_undead_f,
          serial_undead_a, serial_undead_c, serial_undead_e, serial_undead_e,
          chequers_serial_rivers_micro_d, serial_park_tiny_1,
          hangedman_decor_points, uniq_natasha, uniq_terence, uniq_sigmund
D:3:      cheibrodos_thug_alley, layout_basic, nicolae_tso_swordbearing_angel,
          minmay_liquid_box
D:4:      layout_rooms, kennysheep_mini, nicolae_uskayaw_en_pointe,
          minmay_snake_closets
D:5:      layout_loops_cross, makhleb_altar_promises_db,
          nicolae_yredelemnul_corpse_copse, okawaru_altar_gauntlet_db

Skill      XL: |  1  2  3  4  5  6  7 |
---------------+----------------------+-----
Polearms       | 3 4 5 6 |  6.0
Fighting       | 3 4 |  4.5
Shields        | 2 |  2.1
Throwing       | |  1.7
Dodging        | |  2.6

Action                     |  1- 3 |  4- 6 |  7- 9 || total
---------------------------+-------+-------+-------++-------
  Melee: Trident           |    79 |   117 |    23 ||   219
    Use: Scroll            |       |       |    11 ||    11
   Stab: Sleeping          |     1 |     1 |       ||     2
 Armour: Leather armour    |    21 |       |       ||    21
         Ring mail         |    30 |    45 |     8 ||    83
  Dodge: Dodged            |    55 |    35 |    16 ||   106
  Block: Buckler           |       |    13 |     4 ||    17

Table legend: (Time is in decaauts)
 A = Elapsed time spent in this place.
 B = Non-inter-level travel time spent in this place.
 C = Inter-level travel time spent in this place.
 D = Time resting spent in this place.
 E = Time spent auto-exploring this place.
 F = Levels seen in this place.
 G = Mean time per level.
                   A        B        C        D        E       F      G
               +--------+--------+--------+--------+--------+-----+--------+
         Total |   3736 |   3640 |     96 |    990 |   2067 |   5 |  747.2 |
       Dungeon |   3736 |   3640 |     96 |    990 |   2067 |   5 |  747.2 |
               +--------+--------+--------+--------+--------+-----+--------+

Top non-repeatable levels by time:
     D:3: 1140 daAuts
     D:2: 795 daAuts
     D:4: 708 daAuts
     D:1: 590 daAuts
     D:5: 500 daAuts
